AoeStats
← ZamSerg

Lombardia

507915212Analyzed
4v4 RM · 13d ago on Sep 20, 2026· 23m 42s· 8 players
Game mode
Random Map
Map size
Large (8 player)
Population
200
Speed
Normal
Resources
Standard
Victory
Conquest
Starting age
Dark Age
Ending age
Imperial Age
RankedLock teamsTeams togetherTeam positionsShared explorationLock speedFull tech treeHidden civsTurbo modeCheats
Victory
Defeat
🇻🇳 Magyars · Vietnam
1323
+15
🇨🇳 Ethiopians · China
1308
+16
🇨🇳 Poles · China
1278
+17
🇨🇳 Tatars · China
1267
+18
🇹🇼 Magyars · Taiwan
1351
-18
1341
-18
🇺🇸 Goths · United States
1282
-16
🇷🇺 Burgundians · Russia
1238
-14
T - T
6:55 Loom
9:27 Feudal Age
18:17 Castle Age
18:19 Crossbowman
20:45 Fletching
21:55 Thumb Ring
Jack
10:31 Feudal Age
14:46 Castle Age
13:02 Horse Collar
13:56 Double-Bit Axe
18:13 Gold Mining
19:41 Wheelbarrow
18:52 Loom
19:10 Fletching
22:28 Padded Archer Armor
23:42 Bow Saw
Vince
6:47 Loom
9:28 Feudal Age
10:30 Double-Bit Axe
10:26 Horse Collar
21:13 Wheelbarrow
24:20 Castle Age
22:23 Padded Archer Armor
22:29 Scale Barding Armor
23:09 Gold Mining
23:31 Bloodlines
Dd
7:23 Loom
10:10 Feudal Age
18:50 Castle Age
17:50 Double-Bit Axe
17:51 Horse Collar
18:39 Fletching
19:06 Crossbowman
21:22 Gold Mining
21:54 Padded Archer Armor
23:48 Ballistics
23:56 Bodkin Arrow
VIKTORUU
3:29 Loom
9:24 Feudal Age
10:00 Double-Bit Axe
11:46 Horse Collar
13:23 Wheelbarrow
17:40 Bloodlines
24:30 Castle Age
23:17 Scale Barding Armor
23:05 Fletching
娘子出來看上帝了
ZamSerg
5:16 Loom
6:35 Double-Bit Axe
10:35 Feudal Age
11:49 Bow Saw
14:25 Wheelbarrow
18:53 Castle Age
17:38 Horse Collar
18:47 Gold Mining
20:38 Cavalier
21:31 Heavy Plow
rmizoguchi2
9:28 Loom
11:33 Feudal Age
13:40 Double-Bit Axe
16:43 Castle Age
14:28 Horse Collar
15:11 Stone Mining
15:56 Forging
15:46 Scale Mail Armor
19:05 Gold Mining
20:04 Fletching
20:48 Chain Mail Armor
23:49 Town Watch
Connection lost

Rejoining the realm…

Still unreachable

The connection could not be restored.

Session expired

The server has moved on; the page needs a fresh start.